 Dungeon Crawl Stone Soup version 0.29-a0-1006-g0dd7720b37 (webtiles) character file.

Game seed: 14246753483835385246

5 xian the Conjurer (level 1, -1/9 HPs)
             Began as a Vine Stalker Conjurer on Aug 6, 2022.
             Slain by a kobold
             ... wielding a +0 dagger
              (2 damage)
             ... on level 1 of the Dungeon.
             The game lasted 00:01:05 (352 turns).

xian the Conjurer (Vine Stalker Conjurer)            Turns: 352, Time: 00:01:06

Health: -1/9       AC:  2    Str:  9    XL:     1   Next: 80%
Magic:  0/4        EV: 12    Int: 18    God:
Gold:   56         SH:  0    Dex: 12    Spells: 3/4 levels left

rFire   . . .      SeeInvis .   c - +0 mace
rCold   . . .      Faith    .   (no shield)
rNeg    . . .      Spirit   +   a - +0 robe
rPois   .          Reflect  .   (no helmet)
rElec   .          Harm     .   (no cloak)
rCorr   .          Rampage  .   (no gloves)
Will    .....                   (no boots)
Stlth   ++........              (no amulet)
HPRegen 0.03/turn               (no ring)
MPRegen 0.09/turn               (no ring)

@: no status effects
A: fangs 2, magic shield, antimagic bite, no potion heal 2
a: no special abilities


You were on level 1 of the Dungeon.
You visited 1 branch of the dungeon, and saw 1 of its levels.

You collected 56 gold pieces.

Inventory:

Hand Weapons
 c - a +0 mace (weapon)
Armour
 a - a +0 robe (worn)
Scrolls
 d - 3 scrolls of brand weapon {unknown}
Potions
 b - a potion of magic
 e - 2 potions of curing {unknown}
 f - a potion of degeneration {unknown}


   Skills:
 + Level 1.6 Dodging
 + Level 2.4 Stealth
 + Level 2.3 Spellcasting
 + Level 4.1 Conjurations
 * Level 0.2 Summonings


You had 3 spell levels left.
You knew the following spells:

 Your Spells              Type           Power      Damage    Failure   Level
a - Magic Dart            Conj           64%        1d6       3%          1

Your spell library contained the following spells:

 Spells                   Type           Power      Damage    Failure   Level
 Searing Ray              Conj           32%        2d5       4%          2
 Dazzling Flash           Conj/Hex       18%        N/A       22%         3
 Ensorcelled Hibernation  Hex/Ice        4%         N/A       26%         2
 Passwall                 Tmut/Erth      1%         N/A       26%         2
 Swiftness                Air            2%         N/A       45%         3
 Fulminant Prism          Conj/Hex       4%         3d6       58%         4
 Iskenderun's Mystic Bla  Conj/Tloc      9%         2d4       58%         4
 Summon Ice Beast         Ice/Summ       2%         N/A       86%         4
 Summon Mana Viper        Hex/Summ       2%         N/A       99%         5
 Monstrous Menagerie      Summ           1%         N/A       100%        7


Dungeon Overview and Level Annotations

Branches:
Dungeon (1/15)

Altars:


Innate Abilities, Weirdness & Mutations

You have extremely sharp teeth.
When hurt, damage is shared between your health and your magic reserves.
Your bite disrupts and absorbs the magic of your enemies.
Potions cannot restore your health.


Message History

There is an open door here.
You open the door.
There is an open door here.
You see here a rat skeleton.
You open the door.
There is an open door here.
There is a dry fountain here.
There is a dry fountain here.
There is an open door here.
A bat comes into view.
A bat is nearby!
The magic dart hits the bat.
The bat is severely wounded.
The magic dart hits the bat.
You kill the bat!
You can't see any susceptible monsters within range! (Use Z to cast anyway.)
You can't see any susceptible monsters within range! (Use Z to cast anyway.)
A kobold comes into view. It is wielding a +0 dagger.
The magic dart hits the kobold but does no damage.
The kobold shouts!
You hear a shout!
A kobold comes into view. It is wielding a +0 dagger.
The magic dart hits the kobold but does no damage.
The kobold throws a stone.
The stone hits you.
The magic dart hits the kobold but does no damage.
The magic dart hits the kobold.
The kobold is moderately wounded.
The kobold hits you with a +0 dagger.
You are out of magic!
You are out of magic!
You are out of magic!
You are out of magic!
You are out of magic!
Okay, then.
You hit the kobold but do no damage.
The kobold is moderately wounded.
The kobold hits you with a +0 dagger. x2
* * * LOW HITPOINT WARNING * * *
You closely miss the kobold. Your bite misses the kobold.
The kobold hits you with a +0 dagger.
You die...

#.....# # #.###.# ## #.#
#.# ### .###.###.# #..
.....).#.# #.# .###.#†#.#
##.## ## #.#.#.# ... #
#.#.#.# #K# #.....#
####@##### ###.###
#....K...#
###.######.#...##.#
#.......##..###†#.#
###.#.###.##.# #..#
#.........##.# #..#
##.#...##>.##.## ##..##
##.#.......##..###....###
'..........÷............+


You could see 2 kobolds.

Vanquished Creatures
  2 hobgoblins (D:1)
  A bat (D:1)
  2 goblins (D:1)
  A rat (D:1)
6 creatures vanquished.

Notes
Turn   | Place    | Note
-------+----------+-------------------------------------------
     0 | D:1      | xian the Vine Stalker Conjurer began the quest for the Orb.
     0 | D:1      | Reached XP level 1. HP: 9/9 MP: 4/4
   352 | D:1      | Slain by a kobold

Illustrated notes

Levels and vault maps discovered:
D:1:      dpeg_arrival_water_temple_mockup, layout_loops_corners,
          nicolae_ecumenical_lake_church

Action                   || total
-------------------------++-------
Melee: Mace              ||     2
 Cast: Magic Dart        ||    15

Table legend: (Time is in decaauts)
 A = Elapsed time spent in this place.
 B = Non-inter-level travel time spent in this place.
 C = Inter-level travel time spent in this place.
 D = Time resting spent in this place.
 E = Time spent auto-exploring this place.
 F = Levels seen in this place.
 G = Mean time per level.
                   A        B        C        D        E       F      G
               +--------+--------+--------+--------+--------+-----+--------+
         Total |    351 |    351 |      0 |      0 |    299 |   1 |  351.0 |
       Dungeon |    351 |    351 |      0 |      0 |    299 |   1 |  351.0 |
               +--------+--------+--------+--------+--------+-----+--------+

Top non-repeatable levels by time:
     D:1: 351 daAuts
